 Dungeon Crawl Stone Soup version 0.31-a0-210-gccc998df9b (webtiles) character file.

Game seed: 9574096630998023569

56 qw the Shooter (level 3, -2/29 HPs)
             Began as a Minotaur Hexslinger on June 29, 2023.
             Slain by Sigmund
             ... wielding a +0 scythe
              (9 damage)
             ... on level 2 of the Dungeon.
             The game lasted 00:00:26 (1202 turns).

qw the Shooter (Minotaur Hexslinger)                Turns: 1202, Time: 00:00:27

Health: -2/29      AC:  5    Str: 18    XL:     3   Next: 69%
Magic:  3/3        EV: 11    Int: 10    God:
Gold:   76         SH:  0    Dex: 14    Spells: 3/4 levels left

rFire   . . .        Y - +1 sling
rCold   . . .        (no shield)
rNeg    . . .        h - +0 ring mail
rPois   .            (helmet restricted)
rElec   .            (no cloak)
rCorr   .            (no gloves)
SInv    .            (no boots)
Will    .....        (no amulet)
Stlth   +            f - +6 ring of strength
HPRegen 0.24/turn    (no ring)
MPRegen 0.08/turn

%: no passive effects
@: no status effects
A: horns 2, retaliatory headbutt
a: no special abilities


You were on level 2 of the Dungeon.
You visited 1 branch of the dungeon, and saw 2 of its levels.

You collected 76 gold pieces.


Innate Abilities, Weirdness & Mutations

You have a pair of horns on your head.
You reflexively headbutt those who attack you in melee.


   Skills:
 - Level 2.0 Fighting
 + Level 4.3 Ranged Weapons
 - Level 2.1 Dodging
 - Level 1.0 Spellcasting
 - Level 2.0 Hexes


You had 3 spell levels left.
You knew the following spells:

 Your Spells              Type           Power      Damage    Failure   Level
a - Slow                  Hex            16%        N/A       26%         1

Your spell library contained the following spells:

 Spells                   Type           Power      Damage    Failure   Level
 Inner Flame              Hex/Fire       2%         N/A       77%         3
 Portal Projectile        Hex/Tloc       4%         N/A       77%         3
 Cause Fear               Hex            2%         N/A       95%         4

Inventory:

Hand Weapons
 Y - a +1 sling (weapon)
Armour
 h - a +0 ring mail (worn)
Jewellery
 a - a ring of poison resistance
 b - an amulet of regeneration
 f - a +6 ring of strength (left hand)
Potions
 d - a potion of magic {unknown}
 i - a potion of enlightenment {unknown}

Dungeon Overview and Level Annotations

Branches:
Dungeon (2/15)

Altars:

Shops:
D:2 *(

Annotations:
D:2 1 runed translucent door, Crazy Yiuf, Sigmund


Message History

A ball python comes into view.
You shoot a sling bullet. The sling bullet barely misses Sigmund.
The ball python hisses angrily.
Sigmund says, "You will soon forget everything."
Sigmund hits you but does no damage.
You shoot a sling bullet.
The sling bullet closely misses Sigmund.
Sigmund closely misses you.
An endoplasm comes into view.
You shoot a sling bullet. The endoplasm quivers.
The sling bullet hits Sigmund.
Sigmund is heavily wounded.
Sigmund hits you from afar with a +0 scythe.
You shoot a sling bullet.
The sling bullet hits Sigmund but does no damage.
Sigmund is heavily wounded.
Sigmund says, "Look into my eyes."
Sigmund hits you but does no damage.
You shoot a sling bullet.
The sling bullet closely misses Sigmund.
The sling bullet barely misses the ball python.
You shoot a sling bullet. The sling bullet hits Sigmund.
Sigmund is severely wounded.
Sigmund casts a spell.
Sigmund flickers and vanishes!
Deactivating autopickup; reactivate with Ctrl-A.
Something hits you!
You shoot a sling bullet.
The sling bullet barely misses the ball python.
You shoot a sling bullet.
The sling bullet closely misses the ball python.
Something hits you but does no damage.
You shoot a sling bullet.
The sling bullet barely misses the ball python.
Something hits you!
You shoot a sling bullet.
The sling bullet barely misses the ball python.
Something hits you!
You die...

#..#
#####.####
##..).....##
###..######..#
##...## ##..
#..### ###
####.## #
#....# #
#@#### #.# #{#


JS# .## #. .. .. You could see an endoplasm and a ball python.

Vanquished Creatures
  2 adders (D:2)
  8 endoplasms
  A giant cockroach (D:1)
  2 goblins
  6 hobgoblins
  A kobold (D:2)
  2 quokkas (D:1)
  3 ball pythons
  A bat (D:1)
  3 frilled lizards
  6 rats
35 creatures vanquished.

Notes
Turn   | Place    | Note
-------+----------+-------------------------------------------
     0 | D:1      | qw the Minotaur Hexslinger began the quest for the Orb.
     0 | D:1      | Reached XP level 1. HP: 16/16 MP: 1/1
     0 | D:1      | 0 ||| qw: Version: 0.3-a-24-g62f9e04
     0 | D:1      | 0 ||| qw: Game counter: 6701
     0 | D:1      | 0 ||| qw: Melee chars always use a shield: true
     0 | D:1      | 0 ||| qw: God list: Okawaru
     0 | D:1      | 0 ||| qw: Allow faded altars: false
     0 | D:1      | 0 ||| qw: Do Orc after clearing Dungeon:15 true
     0 | D:1      | 0 ||| qw: Do second Lair branch before Depths: true
     0 | D:1      | 0 ||| qw: Lair rune preference: random
     0 | D:1      | 0 ||| qw: Goals: Normal
     0 | D:1      | 0 ||| PLANNING D:1-11
   110 | D:1      | Reached skill level 3 in Ranged Weapons
   110 | D:1      | Reached XP level 2. HP: 23/23 MP: 2/2
   533 | D:1      | 533 ||| UPGRADING to +0 ring mail.
   543 | D:1      | 543 ||| DROPPING +0 robe.
   544 | D:1      | 544 ||| UPGRADING to +6 ring of strength.
   545 | D:1      | 545 ||| READING scroll labelled BUCVORE SACROAGO.
   546 | D:1      | 546 ||| READING scroll labelled XOISYO GUICVA.
   547 | D:1      | 547 ||| DROPPING scroll of poison.
   571 | D:2      | Found Hicvua's General Store.
   583 | D:2      | Reached XP level 3. HP: 21/29 MP: 3/3
   622 | D:2      | 622 ||| SHOPLISTING scroll of enchant armour (97 gold, have
                  | 48).
   622 | D:2      | 622 ||| SHOPLISTING wand of digging (6) (327 gold, have
                  | 48).
   715 | D:2      | Found a runed translucent door.
   716 | D:2      | Noticed Crazy Yiuf
   755 | D:2      | Found Winuretu's Weapon Emporium.
   905 | D:2      | Reached skill level 4 in Ranged Weapons
  1188 | D:2      | Noticed Sigmund
  1201 | D:2      | HP: 7/29 [something (8)]
  1202 | D:2      | Slain by Sigmund

Levels and vault maps discovered:
D:1:      psy_arrival_statuary, layout_basic
D:2:      layout_basic, serial_shops, nicolae_shop_behind_doors,
          nicolae_shop_advertising_works [nicolae_subvault_shop_adworks],
          uniq_crazy_yiuf_cottage, uniq_sigmund

Skill      XL: |  1  2  3 |
---------------+----------+-----
Ranged Weapons | 3 4 |  4.3
Fighting       | 2 |  2.0
Dodging        | |  2.1
Spellcasting   | |  1.0
Hexes          | |  2.0

Action                     || total
---------------------------++-------
   Fire: Sling             ||   110
    Use: Scroll            ||     2
 Armour: Robe              ||     1
         Ring mail         ||    14
  Dodge: Dodged            ||    16

Table legend:
 A = Non-vault XP
 B = Vault XP
 C = Vault XP percentage of total XP
 D = Non-vault monster count
 E = Vault monster count
 F = Vault count percentage of total count
                 A         B        C        D         E       F
            +---------+---------+-------+---------+---------+-------
      Total |      80 |       0 |   0.0 |      35 |       0 |   0.0
            +---------+---------+-------+---------+---------+-------
        D:1 |      25 |       0 |   0.0 |      15 |       0 |   0.0
        D:2 |      55 |       0 |   0.0 |      20 |       0 |   0.0
            +---------+---------+-------+---------+---------+-------
